 Dungeon Crawl Stone Soup version 0.22.1-1-ga44c0e5 (webtiles) character file.

17 mandick the Insei (level 2, 0/31 HPs)
             Began as a Demonspawn Transmuter on Sept 30, 2018.
             Succumbed to a goblin's poison
             ... on level 1 of the Dungeon.
             The game lasted 00:01:59 (1115 turns).

mandick the Insei (Demonspawn Transmuter)           Turns: 1115, Time: 00:02:00

Health: 0/31       AC: 21    Str:  9 (10) XL:     2   Next: 44%
Magic:  4/5        EV:  2    Int: 16 (19) God:
Gold:   0          SH:  0    Dex: 12 (13) Spells: 2/5 levels left

rFire    . . .     SeeInvis .     - Unarmed
rCold    . . .     Gourm    .   (no shield)
rNeg     + + +     Faith    .   (armour currently unavailable)
rPois    +         Spirit   .   (helmet currently unavailable)
rElec    .         Reflect  .   (cloak currently unavailable)
rCorr    .         Harm     .   (gloves currently unavailable)
MR       .....     NoTele   +   (boots currently unavailable)
Stlth    +.........             (no amulet)
HPRegen  0.10/turn              (no ring)
MPRegen  0.09/turn              (no ring)

@: brilliant, lethally poisoned (0 -> -16), tree-form
A: powered by death 1
a: no special abilities


You were on level 1 of the Dungeon.
You were not hungry.
You were a tree.
You visited 1 branch of the dungeon, and saw 1 of its levels.

Inventory:

Missiles
 a - 36 arrows
Armour
 b - a +0 robe (melded)
Scrolls
 c - a scroll of amnesia {unknown}
 i - a scroll of noise {unknown}
 j - a scroll of enchant armour {unknown}
Comestibles
 d - a ration
 g - a chunk of flesh


   Skills:
 + Level 1.4 Fighting
 + Level 2.0 Dodging
 + Level 2.9 Unarmed Combat
 - Level 2.0 Spellcasting
 + Level 2.1 Transmutations


You had 2 spell levels left.
You knew the following spells:

 Your Spells              Type           Power        Failure   Level  Hunger
a - Beastly Appendage     Tmut           ###...       1%          1    #......
b - Sticks to Snakes      Tmut           ###.....     1%          2    ###....

Your spell library contained the following spells:

 Spells                   Type           Power        Failure   Level  Hunger
 Spider Form              Tmut/Pois      ##........   4%          3    ###....
 Ice Form                 Ice/Tmut       ##......     14%         4    #####..
 Blade Hands              Tmut           ###.......   24%         5    ######.


Dungeon Overview and Level Annotations

Branches:
Dungeon (1/15)

Altars:


Innate Abilities, Weirdness & Mutations

You regenerate a little health from kills.


Message History

* * * LOW HITPOINT WARNING * * *
You feel sick. The goblin closely misses you.
You hit the goblin.
You kill the goblin!
* * * LOW HITPOINT WARNING * * *
You feel sick.
It was a potion of brilliance.
You feel clever all of a sudden.
* * * LOW HITPOINT WARNING * * *
You feel sick.
It was a potion of degeneration.
There was something very wrong with that liquid.
You feel weakened.
You feel dopey.
You feel clumsy.
* * * LOW HITPOINT WARNING * * *
You feel sick.
It was a potion of lignification.
Your talons disappear.
You turn into a tree.
Your +0 robe melds into your body.
Your roots penetrate the ground.
You die...

######.######.#######
#.......# #........#
#.####..# #..[.....#
#.......# #........#
...###...# #........#
###.%.#####.#######
#.....#.....#
......#.#.###########
....###♣#.# #....#
..## #)#.######.##.#
.. ..#....÷......#
######....)...#..#
..........######..#
#######.#.#....#..#
.........#.###..#
######.......#..#
#.....#.#..####


There were no monsters in sight!

Vanquished Creatures
  A leopard gecko (D:1)
  3 giant cockroaches (D:1)
  5 goblins (D:1)
  A hobgoblin (D:1)
  2 bats (D:1)
  2 rats (D:1)
14 creatures vanquished.

Notes
Turn   | Place    | Note
-------+----------+-------------------------------------------
     0 | D:1      | mandick the Demonspawn Transmuter began the quest for the
                  | Orb.
     0 | D:1      | Reached XP level 1. HP: 15/15 MP: 3/3
   735 | D:1      | Gained mutation: You regenerate a little health from kills.
                  | [demonic ancestry]
   735 | D:1      | Reached XP level 2. HP: 20/21 MP: 3/5
   987 | D:1      | Learned a level 2 spell: Sticks to Snakes
  1114 | D:1      | HP: 1/21 [poisoned by a goblin]
  1115 | D:1      | Succumbed to a goblin's poison

Skill      XL: |  1 |
---------------+----+-----
Dodging        | 2 |  2.0
Transmutations | 2 |  2.1
Fighting       | |  1.4
Unarmed Combat | |  2.9
Spellcasting   | |  2.0

Action                   || total
-------------------------++-------
Melee: Unarmed           ||    62
       Kick              ||     4
       Headbutt          ||     1
       Punch             ||     1
 Cast: Beastly Appendage ||     5
  Use: Potion            ||     3
  Eat: Chunk             ||     1
Armor: Robe              ||    13
Dodge: Dodged            ||    50
